PBL
PARIS CUBS @ YORK REVOLUTION
05/30/2049
 
TOP OF THE 1ST
Paris Cubs batting - Pitching for York Revolution : RHP Hugo Rodriguez
Pitching: RHP Hugo Rodriguez
Batting: RHB Willie Rubio 0-0: Reached on error, E5 (Groundball, 56, EV 83.8 MPH)
Batting: RHB Michihisa Tanaka 0-0: Ball
Willie Rubio steals 2nd, throwing error, E2
Willie Rubio to third
1-0: Called Strike
1-1: Ball
2-1: Ball
Wild Pitch!
Willie Rubio scores
3-1: Foul Ball, location: 2F
3-2: DOUBLE (Line Drive, 78XD, EV 104.4 MPH)
Batting: LHB Jeremy Rideout 0-0: Ball
1-0: SINGLE (Line Drive, 8RS, EV 103.8 MPH)
Michihisa Tanaka to third
Batting: LHB David Mendez 0-0: Fly out, F6 (Popup, 4MD, EV 47.5 MPH)
Batting: LHB Cameron Marinelli 0-0: Ball
1-0: Ball
2-0: Ball
3-0: Called Strike
3-1: Base on Balls
Jeremy Rideout to second
Batting: RHB Mike Snider 0-0: Ball
1-0: Ball
2-0: Grounds into double play, 4-6-3 (Groundball, 4, EV 85.6 MPH)
Top of the 1st over - 1 run, 2 hits, 2 errors, 2 left on base; Paris 1 - York 0
BOTTOM OF THE 1ST
York Revolution batting - Pitching for Paris Cubs : RHP Alberto Cabrera
Pitching: RHP Alberto Cabrera
Batting: LHB Quincy Smart 0-0: Ball
1-0: Swinging Strike
1-1: Called Strike
1-2: Foul Ball, location: 2F
1-2: Hit by Pitch
Batting: RHB Dan Shaffer 0-0: Ball
1-0: Called Strike
1-1: Foul Ball, location: 2F
1-2: Foul Ball, location: 2F
1-2: Strikes out swinging
Batting: LHB Mike Hawk 0-0: Called Strike
0-1: Ball
1-1: Fly out, F4 (Popup, 4, EV 58.1 MPH)
Batting: RHB Juan Gonzalez 0-0: Ball
1-0: Foul Ball, location: 2F
1-1: Called Strike
1-2: Ball
2-2: Ball
Quincy Smart is caught stealing 2nd base 2-4
Bottom of the 1st over - 0 runs, 0 hits, 0 errors, 0 left on base; Paris 1 - York 0
TOP OF THE 2ND
Paris Cubs batting - Pitching for York Revolution : RHP Hugo Rodriguez
Batting: RHB Jorge Robles 0-0: Ball
1-0: Foul Ball, location: 2F
1-1: Ball
2-1: Foul Ball, location: 2F
2-2: Foul Ball, location: 2F
2-2: Strikes out looking
Batting: RHB Manny Serrano 0-0: Ball
1-0: Ground out 1-6-3 (Groundball, 15S, EV 101.9 MPH)
Batting: RHB Mike Prado 0-0: Called Strike
0-1: Ball
1-1: Foul Ball, location: 2F
1-2: Ball
2-2: Ground out 6-3 (Groundball, 6, EV 83.1 MPH)
Top of the 2nd over - 0 runs, 0 hits, 0 errors, 0 left on base; Paris 1 - York 0
BOTTOM OF THE 2ND
York Revolution batting - Pitching for Paris Cubs : RHP Alberto Cabrera
Batting: RHB Juan Gonzalez 0-0: Foul Ball, location: 2F
0-1: Fly out, F8 (Flyball, 8RD, EV 91.9 MPH)
Pitching: RHP Reginald Bamber
Batting: RHB Alexis Graciani 0-0: Ball
1-0: Foul Ball, location: 2F
1-1: Ball
2-1: Foul Ball, location: 2F
2-2: Strikes out swinging
Batting: RHB Josh Jarvis 0-0: Ball
1-0: Called Strike
1-1: Fly out, F5 (Line Drive, 5L, EV 65.0 MPH)
Bottom of the 2nd over - 0 runs, 0 hits, 0 errors, 0 left on base; Paris 1 - York 0
TOP OF THE 3RD
Paris Cubs batting - Pitching for York Revolution : RHP Hugo Rodriguez
Batting: RHB Willie Rubio 0-0: Ball
1-0: SINGLE (Groundball, 6MD, EV 96.2 MPH)
Batting: RHB Michihisa Tanaka 0-0: Ball
1-0: Ball
2-0: Ball
3-0: Called Strike
3-1: Called Strike
3-2: Strikes out swinging
Batting: LHB Jeremy Rideout 0-0: Grounds into double play, 6-4-3 (Groundball, 6M, EV 78.1 MPH)
Top of the 3rd over - 0 runs, 1 hit, 0 errors, 0 left on base; Paris 1 - York 0
BOTTOM OF THE 3RD
York Revolution batting - Pitching for Paris Cubs : RHP Reginald Bamber
Batting: LHB Skyler Bright 0-0: Called Strike
0-1: Swinging Strike
0-2: Ball
1-2: Strikes out looking
Batting: RHB Jonathan Steria 0-0: Ball
1-0: Fly out, F6 (Popup, 4M, EV 53.8 MPH)
Batting: RHB Justin Crowder 0-0: Foul Ball, location: 2F
0-1: Swinging Strike
0-2: Foul Ball, location: 2F
0-2: Strikes out swinging
Bottom of the 3rd over - 0 runs, 0 hits, 0 errors, 0 left on base; Paris 1 - York 0
TOP OF THE 4TH
Paris Cubs batting - Pitching for York Revolution : RHP Hugo Rodriguez
Batting: LHB David Mendez 0-0: Ball
1-0: Swinging Strike
1-1: Ball
2-1: Fly out, F8 (Flyball, 8LM, EV 89.4 MPH)
Batting: LHB Cameron Marinelli 0-0: Called Strike
0-1: Ball
1-1: Ball
2-1: SINGLE (Line Drive, 4MD, EV 95.6 MPH)
Batting: RHB Mike Snider 0-0: Foul Ball, location: 2F
0-1: Fly out, F9 (Flyball, 89M, EV 88.8 MPH)
Batting: RHB Jorge Robles 0-0: Ball
1-0: Ball
2-0: Ball
Passed Ball!
Cameron Marinelli to second
3-0: Called Strike
3-1: Fly out, F8 (Flyball, 89S, EV 75.6 MPH)
Top of the 4th over - 0 runs, 1 hit, 0 errors, 1 left on base; Paris 1 - York 0
BOTTOM OF THE 4TH
York Revolution batting - Pitching for Paris Cubs : RHP Reginald Bamber
Batting: LHB Quincy Smart 0-0: Swinging Strike
0-1: Ground out 4-3 (Groundball, 4, EV 107.5 MPH)
Batting: RHB Dan Shaffer 0-0: Foul Ball, location: 2F
0-1: Ball
1-1: Swinging Strike
1-2: Strikes out swinging
Batting: LHB Mike Hawk 0-0: Called Strike
0-1: Called Strike
0-2: Ball
1-2: Ground out 4-3 (Groundball, 4, EV 83.1 MPH)
Bottom of the 4th over - 0 runs, 0 hits, 0 errors, 0 left on base; Paris 1 - York 0
TOP OF THE 5TH
Paris Cubs batting - Pitching for York Revolution : RHP Hugo Rodriguez
Batting: RHB Manny Serrano 0-0: Foul Ball, location: 2F
0-1: Swinging Strike
0-2: Ball
1-2: Foul Ball, location: 2F
1-2: Strikes out swinging
Batting: RHB Mike Prado 0-0: Ball
1-0: Ball
2-0: Ball
3-0: Base on Balls
Batting: RHB Willie Rubio 0-0: Called Strike
0-1: Called Strike
Mike Prado steals 2nd base
0-2: Strikes out swinging
Batting: RHB Michihisa Tanaka 0-0: Foul Ball, location: 2F
0-1: Ball
Wild Pitch!
Mike Prado to third
1-1: Called Strike
1-2: SINGLE (Line Drive, 3L, EV 96.9 MPH)
Mike Prado scores
Batting: LHB Jeremy Rideout 0-0: Ball
1-0: Swinging Strike
1-1: Swinging Strike
1-2: Strikes out looking
Top of the 5th over - 1 run, 1 hit, 0 errors, 1 left on base; Paris 2 - York 0
BOTTOM OF THE 5TH
York Revolution batting - Pitching for Paris Cubs : RHP Reginald Bamber
Batting: RHB Juan Gonzalez 0-0: Swinging Strike
0-1: Swinging Strike
0-2: Foul Ball, location: 2F
0-2: Fly out, F4 (Popup, 4S, EV 65.6 MPH)
Batting: RHB Alexis Graciani 0-0: Ball
1-0: Foul Ball, location: 2F
1-1: Ball
2-1: Ball
3-1: Base on Balls
Pitching: RHP Brian Jarrett
Batting: RHB Josh Jarvis 0-0: Called Strike
0-1: Ball
1-1: Ball
2-1: Foul Ball, location: 2F
2-2: Ball
Passed Ball!
Alexis Graciani to second
3-2: Strikes out swinging
Batting: LHB Skyler Bright 0-0: Ball
1-0: Ball
2-0: Swinging Strike
2-1: Swinging Strike
2-2: Foul Ball, location: 2F
2-2: Strikes out looking
Bottom of the 5th over - 0 runs, 0 hits, 0 errors, 1 left on base; Paris 2 - York 0
TOP OF THE 6TH
Paris Cubs batting - Pitching for York Revolution : RHP Hugo Rodriguez
Batting: LHB David Mendez 0-0: Called Strike
0-1: Ball
1-1: Ball
2-1: Called Strike
2-2: Foul Ball, location: 2F
2-2: Ball
3-2: Ground out 6-3 (Groundball, 6, EV 98.1 MPH)
Pitching: RHP Katsushi Endo
Batting: LHB Cameron Marinelli 0-0: Ball
1-0: Foul Ball, location: 2F
1-1: Ball
2-1: Foul Ball, location: 2F
2-2: Foul Ball, location: 2F
2-2: DOUBLE (Line Drive, 78D, EV 107.5 MPH)
Batting: RHB Mike Snider 0-0: Ball
1-0: Ground out 5-3 (Groundball, 56, EV 83.1 MPH)
Batting: RHB Jorge Robles 0-0: Ball
1-0: Ball
2-0: Called Strike
2-1: SINGLE (Groundball, 6, EV 108.1 MPH)
Cameron Marinelli to third
Batting: RHB Manny Serrano 0-0: Called Strike
0-1: Foul Ball, location: 2F
0-2: Fly out, F7 (Flyball, 78S, EV 74.4 MPH)
Top of the 6th over - 0 runs, 2 hits, 0 errors, 2 left on base; Paris 2 - York 0
BOTTOM OF THE 6TH
York Revolution batting - Pitching for Paris Cubs : RHP Brian Jarrett
Batting: RHB Jonathan Steria 0-0: Ball
1-0: Swinging Strike
1-1: Called Strike
1-2: Strikes out looking
Batting: RHB Justin Crowder 0-0: Called Strike
0-1: Foul Ball, location: 2F
0-2: Strikes out looking
Batting: LHB Quincy Smart 0-0: Swinging Strike
0-1: Ball
1-1: Ball
2-1: Ball
3-1: Ground out U3 (Groundball, 3, EV 90.6 MPH)
Bottom of the 6th over - 0 runs, 0 hits, 0 errors, 0 left on base; Paris 2 - York 0
TOP OF THE 7TH
Paris Cubs batting - Pitching for York Revolution : RHP Katsushi Endo
Batting: RHB Mike Prado 0-0: Ground out 5-3 (Groundball, 56S, EV 80.6 MPH)
Batting: RHB Willie Rubio 0-0: Ground out U3 (Groundball, 34, EV 99.4 MPH)
Batting: RHB Michihisa Tanaka 0-0: Ball
1-0: Swinging Strike
1-1: Foul Ball, location: 2F
1-2: Ball
2-2: Foul Ball, location: 2F
2-2: Ball
3-2: Fly out, F9 (Line Drive, 9, EV 101.9 MPH)
Top of the 7th over - 0 runs, 0 hits, 0 errors, 0 left on base; Paris 2 - York 0
BOTTOM OF THE 7TH
York Revolution batting - Pitching for Paris Cubs : RHP Brian Jarrett
Batting: RHB Dan Shaffer 0-0: Ball
1-0: Ground out 6-3 (Groundball, 6S, EV 75.0 MPH)
Batting: LHB Mike Hawk 0-0: Ball
1-0: Ball
2-0: Ball
3-0: Called Strike
3-1: Swinging Strike
3-2: Ground out 4-3 (Groundball, 4, EV 106.2 MPH)
Pitching: RHP Carsten Kosters
Batting: RHB Juan Gonzalez 0-0: Ball
1-0: Ball
2-0: Ground out 5-3 (Groundball, 56, EV 87.5 MPH)
Bottom of the 7th over - 0 runs, 0 hits, 0 errors, 0 left on base; Paris 2 - York 0
TOP OF THE 8TH
Paris Cubs batting - Pitching for York Revolution : RHP Katsushi Endo
Batting: LHB Jeremy Rideout 0-0: Ball
1-0: Ball
2-0: Called Strike
2-1: Swinging Strike
2-2: Ball
3-2: SINGLE (Line Drive, 6D, EV 108.8 MPH)
Batting: LHB David Mendez 0-0: Called Strike
0-1: Ball
1-1: Fielders Choice at 2nd, 3-6 (Groundball, 34S, EV 83.1 MPH)
Batting: LHB Cameron Marinelli 0-0: Ball
1-0: Called Strike
1-1: Ball
2-1: Swinging Strike
2-2: Strikes out swinging
Pitching: RHP C.J. Dombrowski
Batting: RHB Mike Snider 0-0: Fly out, F9 (Line Drive, 9, EV 88.1 MPH)
Top of the 8th over - 0 runs, 1 hit, 0 errors, 1 left on base; Paris 2 - York 0
BOTTOM OF THE 8TH
York Revolution batting - Pitching for Paris Cubs : RHP Carsten Kosters
Batting: RHB Alexis Graciani 0-0: Foul Ball, location: 2F
0-1: Ball
1-1: Ball
2-1: Swinging Strike
2-2: Ball
3-2: Strikes out swinging, 2-3 out at first.
Pitching: RHP Steve Flynn
Batting: RHB Josh Jarvis 0-0: Called Strike
0-1: Ball
1-1: Swinging Strike
1-2: Strikes out swinging
Batting: LHB Skyler Bright 0-0: Foul Ball, location: 2F
0-1: Swinging Strike
0-2: Foul Ball, location: 2F
0-2: Foul Ball, location: 2F
0-2: Ball
1-2: Foul Ball, location: 2F
1-2: DOUBLE (Line Drive, 3D, EV 99.4 MPH)
Batting: RHB Jonathan Steria 0-0: Ball
1-0: Ball
2-0: Ball
3-0: Called Strike
3-1: Foul Ball, location: 2F
3-2: Strikes out swinging
Bottom of the 8th over - 0 runs, 1 hit, 0 errors, 1 left on base; Paris 2 - York 0
TOP OF THE 9TH
Paris Cubs batting - Pitching for York Revolution : RHP C.J. Dombrowski
Batting: RHB Jorge Robles 0-0: Swinging Strike
0-1: Ball
1-1: Foul Ball, location: 2F
1-2: Ball
2-2: Strikes out looking
Batting: RHB Manny Serrano 0-0: Called Strike
0-1: Foul Ball, location: 2F
0-2: Ball
1-2: Strikes out swinging
Batting: RHB Mike Prado 0-0: Ball
1-0: Ground out 1-3 (Groundball, P, EV 75.6 MPH)
Top of the 9th over - 0 runs, 0 hits, 0 errors, 0 left on base; Paris 2 - York 0
BOTTOM OF THE 9TH
York Revolution batting - Pitching for Paris Cubs : RHP Steve Flynn
Pitching: RHP Justin Rodrigues
Pinch Hitting: RHB Zach Walk 0-0: Ball
1-0: Ball
2-0: Ball
3-0: Called Strike
3-1: Base on Balls
Batting: LHB Quincy Smart 0-0: Fly out, F7 (Line Drive, 7, EV 88.1 MPH)
Batting: RHB Dan Shaffer 0-0: Fly out, F3 (Popup, 3SF, EV 74.4 MPH)
Batting: LHB Mike Hawk 0-0: Called Strike
0-1: Ball
1-1: Ball
2-1: Ball
3-1: Base on Balls
Zach Walk to second
Batting: RHB Juan Gonzalez 0-0: Called Strike
0-1: Ball
1-1: Ball
2-1: Ball
3-1: Base on Balls
Zach Walk to third
Mike Hawk to second
Batting: RHB Alexis Graciani 0-0: Called Strike
0-1: Called Strike
0-2: Strikes out swinging
Bottom of the 9th over - 0 runs, 0 hits, 0 errors, 3 left on base; Paris 2 - York 0
Sunday, July 16th , 2023 - OOTP Baseball 24.6 Build 69